 Dungeon Sprint DCSS version 0.27.1-33-g824d729ab1 (webtiles) character file.

Game seed: 11566153149569628355

427 manyhoops the Impaler (level 6, -7/53 HPs)
             Began as a Merfolk Gladiator on Nov 25, 2021.
             Mangled by a slime creature (16 damage)
             ... in the Dungeon (Sprint I: "Red Sonja").
             The game lasted 00:01:28 (427 turns).

manyhoops the Impaler (Merfolk Gladiator)            Turns: 427, Time: 00:01:29

Health: -7/53      AC:  4    Str: 15    XL:     6   Next: 97%
Magic:  6/6        EV: 17    Int:  7    God:
Gold:   243        SH:  0    Dex: 17    Spells: 5/5 levels left

rFire    . . .     SeeInvis .   a - +0 trident
rCold    . . .     Faith    .   (no shield)
rNeg     . . .     Spirit   .   b - +0 leather armour
rPois    .         Reflect  .   c - +0 helmet
rElec    .         Harm     .   (no cloak)
rCorr    .         Rampage  .   (no gloves)
Will     .....     NoTele   +   (no boots)
Stlth    +.........             (no amulet)
HPRegen  0.17/turn              (no ring)
MPRegen  0.10/turn              (no ring)

@: no status effects
A: (nimble swimmer 2), mertail
a: no special abilities


You were in the Dungeon.
You visited 1 branch You collected 243 gold pieces.

Inventory:

Hand Weapons
 a - a +0 trident (weapon)
Missiles
 d - 3 throwing nets (quivered)
Armour
 b - a +0 leather armour (worn)
 c - a +0 helmet (worn)
Wands
 k - a wand of flame (14)
Scrolls
 j - a scroll of blinking
Potions
 e - a potion of curing
 f - a potion of heal wounds
 g - a potion of haste
 h - 2 potions of magic
 i - a potion of berserk rage


   Skills:
 - Level 6.9 Fighting
 - Level 15.5 Polearms
 - Level 2.0 Throwing
 + Level 1.4 Armour
 + Level 9.1 Dodging


You had 5 spell levels left.
You didn't know any spells.
Your spell library was empty.

Dungeon Overview and Level Annotations

Branches:
Dungeon (1/1)

Altars:
Cheibriados
Dithmenos
Elyvilon
Fedhas
Gozag
Hepliaklqana
Kikubaaqudgha
Makhleb
Nemelex Xobeh
Okawaru
Qazlal
Ru
Sif Muna
Trog
Uskayaw
Vehumet
Wu Jian
Xom
Yredelemnul
Zin
The Shining One
Jiyva
Lugonu

Shops:
D :


Innate Abilities, Weirdness & Mutations

((You are quick and stealthy near water. (Stealth+, EV+, Speed+++)))
Your lower body shifts to a powerful aquatic tail in water.


Message History

The slime creature is severely wounded.
The slime creature hits you.
You hit the slime creature.
The slime creature is severely wounded.
You hit the slime creature but do no damage.
The slime creature is severely wounded.
The slime creature hits you!
You hit the slime creature.
The slime creature is severely wounded.
The slime creature barely misses you.
You hit the slime creature but do no damage.
The slime creature is severely wounded.
You hit the slime creature.
The slime creature is severely wounded.
The slime creature hits you but does no damage.
You hit the slime creature.
The slime creature is severely wounded.
You puncture the slime creature!
The slime creature is almost dead.
The slime creature hits you!
You are too injured to fight recklessly!
You hit the slime creature.
The slime creature is almost dead.
The slime creature jiggles.
The slime creature misses you.
You hit the slime creature.
The slime creature is almost dead.
You are too injured to fight recklessly!
You hit the slime creature.
The slime creature is almost dead.
The slime creature hits you!
* * * LOW HITPOINT WARNING * * *
You are too injured to fight recklessly!
You hit the slime creature.
The slime creature is almost dead.
You are too injured to fight recklessly!
You completely miss the slime creature.
The slime creature is almost dead.
The slime creature hits you!
You die...

################ #
#<.#..').#.)'..#__#
#..[..#..'..#@J'..+
#..#####+#####'#__#
#..### #...#)####
#..#__####..##)#
#..#_____##'#_.+
#⌠⌠#_.∩...'..._#
####_..__##_.#+#
#_____###+# #######


You could see a slime creature.

Vanquished Creatures
  Sigmund (D)
  A yak (D)
  An ogre (D)
  A jelly (D)
  Ijyb (D)
5 creatures vanquished.

Notes
Turn   | Place    | Note
-------+----------+-------------------------------------------
     0 | D        | manyhoops the Merfolk Gladiator began the quest for the
                  | Orb.
     0 | D        | Reached XP level 1. HP: 16/16 MP: 1/1
     1 | D        | Noticed Ijyb
    11 | D        | Killed Ijyb
    12 | D        | Reached skill level 8 in Polearms
    12 | D        | Reached XP level 2. HP: 8/24 MP: 2/2
    12 | D        | Reached XP level 3. HP: 10/29 MP: 3/3
   233 | D        | Noticed an ogre
   239 | D        | Killed an ogre
   240 | D        | Reached skill level 5 in Fighting
   240 | D        | Reached skill level 11 in Polearms
   240 | D        | Reached XP level 4. HP: 39/39 MP: 4/4
   245 | D        | Noticed Sigmund
   254 | D        | Killed Sigmund
   255 | D        | Reached skill level 15 in Polearms
   255 | D        | Reached XP level 5. HP: 47/47 MP: 5/5
   255 | D        | Reached XP level 6. HP: 53/53 MP: 6/6
   271 | D        | Found an ornate altar of the Wu Jian Council.
   271 | D        | Found a shimmering blue altar of Sif Muna.
   273 | D        | Found a radiant altar of Vehumet.
   300 | D        | Found Wezudd's Book Emporium.
   300 | D        | Found an ancient bone altar of Kikubaaqudgha.
   300 | D        | Found a stormy altar of Qazlal.
   300 | D        | Found a blossoming altar of Fedhas.
   300 | D        | Found a bloodstained altar of Trog.
   300 | D        | Found an iron altar of Okawaru.
   300 | D        | Found a glowing golden altar of the Shining One.
   300 | D        | Found a glowing silver altar of Zin.
   300 | D        | Found a white marble altar of Elyvilon.
   300 | D        | Noticed a yak
   304 | D        | Killed a yak
   305 | D        | Reached skill level 1 in Armour
   305 | D        | Found a hazy altar of Hepliaklqana.
   305 | D        | Found a hide-covered altar of Uskayaw.
   305 | D        | Found a basalt altar of Yredelemnul.
   305 | D        | Found an opulent altar of Gozag.
   305 | D        | Found a snail-covered altar of Cheibriados.
   305 | D        | Found a sacrificial altar of Ru.
   305 | D        | Found a shadowy altar of Dithmenos.
   306 | D        | Found a sparkling altar of Nemelex Xobeh.
   404 | D        | Found a burning altar of Makhleb.
   404 | D        | Found a shimmering altar of Xom.
   404 | D        | Noticed a slime creature
   405 | D        | Found a viscous altar of Jiyva.
   405 | D        | Found a corrupted altar of Lugonu.
   427 | D        | Mangled by a slime creature

Illustrated notes

Levels and vault maps discovered:
D:        dungeon_sprint_1 [red_sonja_temple_1, red_sonja_temple_small_1]

Skill      XL: |  1  2  3  4  5  6 |
---------------+-------------------+-----
Fighting       | 3 5 6 |  6.9
Polearms       | 8 11 15 | 15.5
Armour         | 1 |  1.4
Dodging        | 9 |  9.1
Throwing       | |  2.0

Action                   |  1- 3 |  4- 6 || total
-------------------------+-------+-------++-------
Melee: Trident           |    13 |    36 ||    49
Throw: Throwing net      |     2 |     1 ||     3
 Stab: Held in net/web   |       |     1 ||     1
       Sleeping          |       |     1 ||     1
Armor: Leather armour    |     1 |     2 ||     3
Dodge: Dodged            |     4 |     6 ||    10
